PAAA
BAKERSFIELD NOBLES @ ELLENBURG FIGHTING DACHSUNDS
08/10/2033
 
TOP OF THE 1ST
Bakersfield Nobles batting - Pitching for Ellenburg Fighting Dachsunds : RHP Benjamin Busto
Pitching: RHP Benjamin Busto
Batting: RHB Ed Adams 0-0: Foul Ball, location: 2F
0-1: Foul Ball, location: 2F
0-2: Strikes out swinging
Batting: RHB Juan Tellado 0-0: Foul Ball, location: 2F
0-1: Ball
1-1: Foul Ball, location: 2F
1-2: Foul Ball, location: 2F
1-2: SINGLE (Groundball, 4S) (infield hit)
Batting: SHB Edward Sterrenburg 0-0: Called Strike
Juan Tellado steals 2nd base
0-1: Ball
1-1: SINGLE (Groundball, 56D)
Juan Tellado to third
Runner from 3rd tries for Home, SAFE, no throw
Batting: RHB Terry Armstrong 0-0: Called Strike
0-1: Ball
1-1: SINGLE (Line Drive, 6D)
Edward Sterrenburg to second
Batting: LHB Melvin Castro 0-0: Called Strike
0-1: Ball
1-1: Grounds into double play, 4-6-3 (Groundball, 34)
Top of the 1st over - 1 run, 3 hits, 0 errors, 1 left on base; Bakersfield 1 - Ellenburg 0
BOTTOM OF THE 1ST
Ellenburg Fighting Dachsunds batting - Pitching for Bakersfield Nobles : RHP Doug Carlton
Pitching: RHP Doug Carlton
Batting: SHB Theron Montecalvo 0-0: Ball
1-0: Swinging Strike
1-1: Foul Ball, location: 2F
1-2: Foul Ball, location: 2F
1-2: Hit by Pitch
Batting: RHB José Vázquez 0-0: Ball
1-0: Called Strike
1-1: Ball
Wild Pitch!
Theron Montecalvo to second
2-1: Called Strike
Theron Montecalvo steals 3rd base
2-2: Ball
3-2: Ground out 5-3 (Groundball, 5)
Batting: SHB Ben Boston 0-0: Ball
1-0: Foul Ball, location: 2F
1-1: Called Strike
1-2: Ground out U3 (Groundball, 3S)
Batting: LHB Vladya Pugiev 0-0: Swinging Strike
0-1: Called Strike
0-2: Ball
1-2: SINGLE (Line Drive, 9LM)
Theron Montecalvo scores
Batting: RHB Alan McLennan 0-0: Ball
1-0: Fly out, F9 (Line Drive, 9)
Bottom of the 1st over - 1 run, 1 hit, 0 errors, 1 left on base; Bakersfield 1 - Ellenburg 1
TOP OF THE 2ND
Bakersfield Nobles batting - Pitching for Ellenburg Fighting Dachsunds : RHP Benjamin Busto
Batting: RHB Omer Yurtseven 0-0: Ball
1-0: Ground out 6-3 (Groundball, 6M)
Batting: RHB Dennis Wacher 0-0: Ball
1-0: DOUBLE (Line Drive, 8LD)
Batting: RHB Pedro Hernández 0-0: Ball
1-0: Swinging Strike
1-1: Swinging Strike
1-2: Strikes out swinging
Batting: RHB Yu-shu Kang 0-0: Ball
1-0: Ground out 6-3 (Groundball, 6)
Top of the 2nd over - 0 runs, 1 hit, 0 errors, 1 left on base; Bakersfield 1 - Ellenburg 1
BOTTOM OF THE 2ND
Ellenburg Fighting Dachsunds batting - Pitching for Bakersfield Nobles : RHP Doug Carlton
Batting: LHB Locke Lamora 0-0: Foul Ball, location: 2F
0-1: Foul Ball, location: 2F
0-2: Ball
1-2: Ball
2-2: Ball
3-2: SINGLE (Line Drive, 4M)
Batting: RHB Oscar McMillan 0-0: Ball
1-0: Ball
2-0: Called Strike
2-1: Foul Ball, location: 2F
2-2: Strikes out swinging
Batting: LHB Ned Durand 0-0: Ball
Locke Lamora steals 2nd base
1-0: Ball
2-0: Swinging Strike
2-1: Swinging Strike
2-2: Strikes out looking
Batting: RHB Hugo Rampley 0-0: Called Strike
0-1: Ball
1-1: Ground out 6-3 (Groundball, 56)
Bottom of the 2nd over - 0 runs, 1 hit, 0 errors, 1 left on base; Bakersfield 1 - Ellenburg 1
TOP OF THE 3RD
Bakersfield Nobles batting - Pitching for Ellenburg Fighting Dachsunds : RHP Benjamin Busto
Batting: RHB Ed Adams 0-0: Swinging Strike
0-1: Swinging Strike
0-2: Ball
1-2: Strikes out looking
Batting: RHB Juan Tellado 0-0: Called Strike
0-1: Foul Ball, location: 2F
0-2: Ball
1-2: Foul Ball, location: 2F
1-2: Ground out 6-3 (Groundball, 6)
Batting: SHB Edward Sterrenburg 0-0: Ball
1-0: Called Strike
1-1: Ball
2-1: Called Strike
2-2: DOUBLE (Line Drive, 8LD)
Batting: RHB Terry Armstrong 0-0: Ground out 5-3 (Groundball, 56)
Top of the 3rd over - 0 runs, 1 hit, 0 errors, 1 left on base; Bakersfield 1 - Ellenburg 1
BOTTOM OF THE 3RD
Ellenburg Fighting Dachsunds batting - Pitching for Bakersfield Nobles : RHP Doug Carlton
Batting: SHB Theron Montecalvo 0-0: Ground out 3-1 (Groundball, 34)
Batting: RHB José Vázquez 0-0: Swinging Strike
0-1: Ball
1-1: Ball
2-1: Ball
3-1: Called Strike
3-2: Foul Ball, location: 2F
3-2: Ground out 5-3 (Groundball, 5S)
Batting: SHB Ben Boston 0-0: Foul Ball, location: 2F
0-1: Ball
1-1: Foul Ball, location: 2F
1-2: Ball
2-2: Ball
3-2: Foul Ball, location: 2F
3-2: SINGLE (Groundball, 4MD)
Batting: LHB Vladya Pugiev 0-0: Ball
1-0: Fly out, F8 (Flyball, 89D)
Bottom of the 3rd over - 0 runs, 1 hit, 0 errors, 1 left on base; Bakersfield 1 - Ellenburg 1
TOP OF THE 4TH
Bakersfield Nobles batting - Pitching for Ellenburg Fighting Dachsunds : RHP Benjamin Busto
Batting: LHB Melvin Castro 0-0: Ball
1-0: Ball
2-0: Called Strike
2-1: Called Strike
2-2: SOLO HOME RUN (Flyball, 9D), Distance : 394 ft
Batting: RHB Omer Yurtseven 0-0: Called Strike
0-1: Swinging Strike
0-2: Foul Ball, location: 2F
0-2: Ball
1-2: Strikes out looking
Batting: RHB Dennis Wacher 0-0: Ball
1-0: Ball
2-0: Called Strike
2-1: Ball
3-1: Base on Balls
Batting: RHB Pedro Hernández 0-0: Called Strike
0-1: Ball
1-1: Ground out 5-3 (Groundball, 56S)
Dennis Wacher to second
Batting: RHB Yu-shu Kang 0-0: Foul Ball, location: 2F
0-1: Called Strike
0-2: Fly out, F9 (Flyball, 9S)
Top of the 4th over - 1 run, 1 hit, 0 errors, 1 left on base; Bakersfield 2 - Ellenburg 1
BOTTOM OF THE 4TH
Ellenburg Fighting Dachsunds batting - Pitching for Bakersfield Nobles : RHP Doug Carlton
Batting: RHB Alan McLennan 0-0: Called Strike
0-1: Ball
1-1: Ball
2-1: Foul Ball, location: 2F
2-2: Ball
3-2: Strikes out swinging
Batting: LHB Locke Lamora 0-0: Ball
1-0: Fly out, F4 (Line Drive, 4)
Batting: RHB Oscar McMillan 0-0: Foul Ball, location: 2F
0-1: Fly out, F8 (Flyball, 8RD)
Bottom of the 4th over - 0 runs, 0 hits, 0 errors, 0 left on base; Bakersfield 2 - Ellenburg 1
TOP OF THE 5TH
Bakersfield Nobles batting - Pitching for Ellenburg Fighting Dachsunds : RHP Benjamin Busto
Batting: RHB Ed Adams 0-0: Ball
1-0: Fly out, F8 (Flyball, 8RM)
Batting: RHB Juan Tellado 0-0: Ball
1-0: Called Strike
1-1: Ground out 5-3 (Groundball, 56)
Batting: SHB Edward Sterrenburg 0-0: Foul Ball, location: 2F
0-1: DOUBLE (Flyball, 89XD)
Batting: RHB Terry Armstrong 0-0: Swinging Strike
0-1: Foul Ball, location: 2F
0-2: Ball
Passed Ball!
Edward Sterrenburg to third
1-2: Foul Ball, location: 2F
1-2: Reached on error, E3 (Groundball, 34)
Edward Sterrenburg scores
Batting: LHB Melvin Castro 0-0: Called Strike
0-1: SINGLE (Flyball, 89M)
Terry Armstrong to third
Runner from 3rd tries for Home, SAFE, no throw
Batting: RHB Omer Yurtseven 0-0: Called Strike
0-1: Foul Ball, location: 2F
0-2: Fly out, F7 (Flyball, 7D)
Top of the 5th over - 2 runs, 2 hits, 1 error, 1 left on base; Bakersfield 4 - Ellenburg 1
BOTTOM OF THE 5TH
Ellenburg Fighting Dachsunds batting - Pitching for Bakersfield Nobles : RHP Doug Carlton
Batting: LHB Ned Durand 0-0: SINGLE (Line Drive, 89M)
Batting: RHB Hugo Rampley 0-0: Fly out, F9 (Flyball, 9LSF)
Batting: SHB Theron Montecalvo 0-0: Called Strike
0-1: Ball
1-1: Fielders Choice at 2nd, 4-6 (Groundball, 4)
Batting: RHB José Vázquez 0-0: Ball
Theron Montecalvo is caught stealing 2nd base
Bottom of the 5th over - 0 runs, 1 hit, 0 errors, 0 left on base; Bakersfield 4 - Ellenburg 1
TOP OF THE 6TH
Bakersfield Nobles batting - Pitching for Ellenburg Fighting Dachsunds : RHP Benjamin Busto
Batting: RHB Dennis Wacher 0-0: Foul Ball, location: 2F
0-1: Hit by Pitch
Batting: RHB Pedro Hernández 0-0: Ball
1-0: Ball
2-0: Sac Bunt - play at first, batter safe!
Dennis Wacher to second
Batting: RHB Yu-shu Kang 0-0: Called Strike
0-1: 3-RUN HOME RUN (Flyball, 9LD), Distance : 355 ft
Pitching: RHP Jorge Cantú
Batting: RHB Ed Adams 0-0: Called Strike
0-1: Swinging Strike
0-2: Strikes out swinging
Batting: RHB Juan Tellado 0-0: Ball
1-0: Ball
2-0: Fly out, F7 (Flyball, 78M)
Batting: SHB Edward Sterrenburg 0-0: Called Strike
0-1: Foul Ball, location: 2F
0-2: Fly out, F8 (Flyball, 8LXD)
Top of the 6th over - 3 runs, 2 hits, 0 errors, 0 left on base; Bakersfield 7 - Ellenburg 1
BOTTOM OF THE 6TH
Ellenburg Fighting Dachsunds batting - Pitching for Bakersfield Nobles : RHP Doug Carlton
Batting: RHB José Vázquez 0-0: Called Strike
0-1: Ball
1-1: Foul Ball, location: 2F
1-2: Foul Ball, location: 2F
1-2: Foul Ball, location: 2F
1-2: Foul Ball, location: 2F
1-2: Fly out, F8 (Flyball, 8RD)
Batting: SHB Ben Boston 0-0: Ball
1-0: Ground out 1-3 (Groundball, 13)
Batting: LHB Vladya Pugiev 0-0: Ball
1-0: Called Strike
1-1: Called Strike
1-2: Ball
2-2: Ball
3-2: DOUBLE (Flyball, 89D)
Pitching: LHP Fernando Torrez
Batting: RHB Alan McLennan 0-0: Ball
1-0: Called Strike
1-1: Foul Ball, location: 2F
1-2: Strikes out looking
Bottom of the 6th over - 0 runs, 1 hit, 0 errors, 1 left on base; Bakersfield 7 - Ellenburg 1
TOP OF THE 7TH
Bakersfield Nobles batting - Pitching for Ellenburg Fighting Dachsunds : RHP Jorge Cantú
Batting: RHB Terry Armstrong 0-0: Called Strike
0-1: Called Strike
0-2: Ball
1-2: Ball
2-2: Ball
3-2: Foul Ball, location: 2F
3-2: Base on Balls
Batting: LHB Melvin Castro 0-0: Ball
1-0: Called Strike
1-1: Fly out, F5 (Popup, 5)
Batting: RHB Omer Yurtseven 0-0: Ball
1-0: Called Strike
1-1: Foul Ball, location: 2F
1-2: Fly out, F5 (Popup, 25F)
Batting: RHB Dennis Wacher 0-0: Fly out, F8 (Flyball, 8RS)
Top of the 7th over - 0 runs, 0 hits, 0 errors, 1 left on base; Bakersfield 7 - Ellenburg 1
BOTTOM OF THE 7TH
Ellenburg Fighting Dachsunds batting - Pitching for Bakersfield Nobles : LHP Fernando Torrez
Batting: LHB Locke Lamora 0-0: Ball
1-0: Fly out, F8 (Flyball, 8RD)
Batting: RHB Oscar McMillan 0-0: Called Strike
0-1: Ball
1-1: Fly out, F7 (Flyball, 78D)
Batting: LHB Ned Durand 0-0: Called Strike
0-1: Foul Ball, location: 2F
0-2: Ground out 5-3 (Groundball, 56)
Bottom of the 7th over - 0 runs, 0 hits, 0 errors, 0 left on base; Bakersfield 7 - Ellenburg 1
TOP OF THE 8TH
Bakersfield Nobles batting - Pitching for Ellenburg Fighting Dachsunds : RHP Jorge Cantú
Batting: RHB Pedro Hernández 0-0: Swinging Strike
0-1: Swinging Strike
0-2: Foul Ball, location: 2F
0-2: Ball
1-2: Foul Ball, location: 2F
1-2: Foul Ball, location: 2F
1-2: SINGLE (Flyball, 8LS)
Batting: RHB Yu-shu Kang 0-0: Called Strike
0-1: Ball
1-1: Fly out, F3 (Popup, 34S)
Batting: RHB Ed Adams 0-0: Called Strike
0-1: DOUBLE (Flyball, 89D)
Pedro Hernández to third
Batting: RHB Juan Tellado 0-0: Ball
1-0: 3-RUN HOME RUN (Flyball, 7D), Distance : 377 ft
Batting: SHB Edward Sterrenburg 0-0: Ball
1-0: Called Strike
1-1: Ball
2-1: Ball
3-1: Called Strike
3-2: Foul Ball, location: 2F
3-2: SOLO HOME RUN (Flyball, 89XD), Distance : 417 ft
Batting: RHB Terry Armstrong 0-0: Ball
1-0: Called Strike
1-1: Foul Ball, location: 2F
1-2: Fly out, F7 (Flyball, 7)
Batting: LHB Melvin Castro 0-0: Ball
1-0: Ball
2-0: Foul Ball, location: 2F
2-1: Ground out U3 (Groundball, 34)
Top of the 8th over - 4 runs, 4 hits, 0 errors, 0 left on base; Bakersfield 11 - Ellenburg 1
BOTTOM OF THE 8TH
Ellenburg Fighting Dachsunds batting - Pitching for Bakersfield Nobles : LHP Fernando Torrez
Batting: RHB Hugo Rampley 0-0: Ball
1-0: Called Strike
1-1: Ground out 4-3 (Groundball, 4)
Batting: SHB Theron Montecalvo 0-0: Called Strike
0-1: Called Strike
0-2: Ball
1-2: Fly out, F6 (Popup, 6D)
Batting: RHB José Vázquez 0-0: Called Strike
0-1: Ball
1-1: Ball
2-1: Ground out 6-3 (Groundball, 6)
Bottom of the 8th over - 0 runs, 0 hits, 0 errors, 0 left on base; Bakersfield 11 - Ellenburg 1
TOP OF THE 9TH
Bakersfield Nobles batting - Pitching for Ellenburg Fighting Dachsunds : RHP Jorge Cantú
Batting: RHB Omer Yurtseven 0-0: SINGLE (Line Drive, 56D)
Batting: RHB Dennis Wacher 0-0: Ball
1-0: Called Strike
1-1: Ball
2-1: Ball
3-1: Base on Balls
Omer Yurtseven to second
Pitching: RHP Alfonso Vera
Batting: RHB Pedro Hernández 0-0: Called Strike
0-1: SINGLE (Groundball, 5D)
Omer Yurtseven to third
Dennis Wacher to second
Batting: RHB Yu-shu Kang 0-0: Fielders Choice at 2nd, 3-6 (Groundball, 34)
Omer Yurtseven scores
Dennis Wacher to third
Pinch Hitting: LHB Hideki Hisanobu 0-0: Swinging Strike
0-1: Ball
Yu-shu Kang steals 2nd base
1-1: Ball
2-1: Ball
3-1: Foul Ball, location: 2F
3-2: Ground out 1-3 (Groundball, 15S)
Batting: RHB Juan Tellado 0-0: Called Strike
0-1: Called Strike
0-2: Ball
1-2: Strikes out swinging
Top of the 9th over - 1 run, 2 hits, 0 errors, 2 left on base; Bakersfield 12 - Ellenburg 1
BOTTOM OF THE 9TH
Ellenburg Fighting Dachsunds batting - Pitching for Bakersfield Nobles : LHP Fernando Torrez
Now in LF: Hideki Hisanobu
Batting: SHB Ben Boston 0-0: Ball
1-0: Foul Ball, location: 2F
1-1: Ball
2-1: Ground out 6-3 (Groundball, 6)
Batting: LHB Vladya Pugiev 0-0: Called Strike
0-1: Ball
1-1: Ball
2-1: Ball
3-1: SOLO HOME RUN (Flyball, 7D), Distance : 376 ft
Batting: RHB Alan McLennan 0-0: Swinging Strike
0-1: Ball
1-1: Fly out, F7 (Flyball, 7LS)
Batting: LHB Locke Lamora 0-0: Foul Ball, location: 2F
0-1: SINGLE (Groundball, 34D)
Batting: RHB Oscar McMillan 0-0: Called Strike
0-1: DOUBLE (Groundball, 3L)
Locke Lamora to third
Batting: LHB Ned Durand 0-0: Ball
1-0: Ball
2-0: SINGLE (Line Drive, 8RS)
Locke Lamora scores
Oscar McMillan to third
Batting: RHB Hugo Rampley 0-0: Called Strike
0-1: SINGLE (Line Drive, 8RS)
Oscar McMillan scores
Ned Durand to second
Batting: SHB Theron Montecalvo 0-0: Ground out 4-3 (Groundball, 4)
Bottom of the 9th over - 3 runs, 5 hits, 0 errors, 2 left on base; Bakersfield 12 - Ellenburg 4
Saturday, December 22nd, 2018 - OOTP Baseball 18.8 Build 76